 Dungeon Crawl Stone Soup version 0.20-a0-1075-gc475d56 (webtiles) character file.

972 JiminyMac the Cleaver (level 7, 0/93 HPs)
             Began as a Minotaur Berserker on Apr 29, 2017.
             Was a Priest of Trog.
             Slain by a steam dragon (2 damage)
             ... on level 5 of the Dungeon on Apr 30, 2017.
             The game lasted 00:24:05 (3108 turns).

JiminyMac the Cleaver (Minotaur Berserker)          Turns: 3108, Time: 00:24:06

Health: 0/93       AC:  9    Str: 29    XL:     7   Next: 94%
Magic:  15/15      EV: 11    Int:  4    God:    Trog [***...]
Gold:   375        SH:  4    Dex:  9    Spells: 6/6 levels left

rFire    . . .     SeeInvis .   A - +0 war axe
rCold    . . .     Gourm    .   t - +0 buckler
rNeg     . . .     Faith    .   g - +0 ring mail
rPois    .         Spirit   .   i - +2 hat
rElec    .         Reflect  .   (no cloak)
rCorr    .         Harm     .   G - +0 pair of gloves
MR       .....                  (no boots)
Stlth    ..........             b - amulet of regeneration
Regen    0.7/turn               j - ring of magical power
MPRegen  0.2/turn               (no ring)

@: berserking, very quick
A: retaliatory headbutt, horns 2
a: Berserk, Trog's Hand, Burn Spellbooks, Renounce Religion


You were on level 5 of the Dungeon.
You worshipped Trog.
Trog was most pleased with you.
You were not hungry.

You visited 1 branch of the dungeon, and saw 5 of its levels.

You collected 375 gold pieces.

Inventory:

Hand Weapons
 f - a +3 mace of crushing
 A - a +0 war axe (weapon)
 F - a +2 mace of protection
Armour
 g - a +0 ring mail (worn)
 i - a +2 hat (worn)
 t - a +0 buckler (worn)
 y - a +0 hat
 G - a +0 pair of gloves (worn)
Jewellery
 b - an amulet of regeneration (around neck)
 j - a ring of magical power (left hand)
 s - an uncursed ring of wizardry
 C - an uncursed ring of magical power
Wands
 E - a wand of polymorph (17/24)
Scrolls
 a - a scroll of blinking {unknown}
 d - 4 scrolls of identify {unknown}
 e - 2 scrolls of enchant armour {unknown}
 l - a scroll of remove curse {unknown}
 o - a scroll of teleportation {unknown}
 p - 2 scrolls of magic mapping {unknown}
 u - a scroll of fear {unknown}
 z - a scroll of amnesia {unknown}
Potions
 h - a potion of heal wounds {unknown}
 k - 3 potions of might {unknown}
 n - 2 potions of agility {unknown}
 q - a potion of degeneration {unknown}
 r - a potion of flight {unknown}
 v - a potion of curing {unknown}
 w - a potion of cancellation {unknown}
 B - a potion of invisibility {unknown}
Comestibles
 c - 5 bread rations
 m - 2 meat rations
 x - 2 fruits
 D - a royal jelly
 H - 5 mutagenic chunks of flesh


   Skills:
 + Level 5.9 Fighting
 * Level 8.1 Axes
 + Level 5.8 Armour
 - Level 2.1 Dodging
 + Level 3.7 Shields


You had 6 spell levels left.
You didn't know any spells.

Dungeon Overview and Level Annotations

Branches:
Dungeon (5/15)
 Temple: D:4-7

Altars:
Fedhas
Hepliaklqana
Kikubaaqudgha
Makhleb
Nemelex Xobeh
Okawaru
Xom


Innate Abilities, Weirdness & Mutations

You reflexively headbutt those who attack you in melee.
You have a pair of horns on your head.


Message History

The steam dragon closely misses you. x2
You hit the steam dragon but do no damage.
The steam dragon is almost dead.
You block the steam dragon's attack.
The steam dragon claws you but does no damage.
You hit the steam dragon but do no damage.
Your headbutt misses the steam dragon.
The steam dragon is almost dead.
The steam dragon breathes steam at you. The ball of steam misses you.
You hit the steam dragon.
You kill the steam dragon!
Trog accepts your kill.
Your Axes skill increases to level 8!
You are engulfed in a cloud of scalding steam.
You closely miss the steam dragon.
You are engulfed in a cloud of scalding steam.
* * * LOW HITPOINT WARNING * * *
The steam dragon bites you.
You die...

#.# #..........### #..[.......#
##.######.........# #..........#
.#................# ##.#...#+#.#
.#########..#.#.#.# # #.#.#.#.#
.# #............# # #.#.#.#.#
.#####.####...#.#.# #.#...#....
..<...........#.#.# #.#.#####.#
....##.#..#...#.#.# #..........
.....#.#....#.#§@D# ###.#####..
.....#.##.###...##.≈.≈.##.# #..
.....#.........## §P.≈≈##.# #..
.....#....####.# .§...P#.# #..
###..#.###....)# D...P≈#.#####..
#..#.....###.# ....P##........
#..#########.## ..D≈.##........
###.............##≈PP####........
#....##########..#####...........


You could see a steam dragon.

Vanquished Creatures
  A steam dragon (D:5)
  An ice beast (D:4)
  A sky beast (D:5)
  An ogre (D:5)
  2 scorpions (D:4)
  A bullfrog zombie (D:5)
  A crimson imp (D:4)
  Crazy Yiuf (D:4)
  A jelly (D:5)
  2 orc priests
  A hound (D:2)
  An orc wizard (D:3)
  4 worker ants
  A hound skeleton (D:5)
  2 adders (D:2)
  2 oozes (D:4)
  An adder zombie (D:5)
  2 worms
  A dart slug (D:1)
  3 leopard geckos
  16 orcs
  2 giant cockroaches
  5 goblins
  4 hobgoblins
  6 kobolds
  2 quokkas
  2 ball pythons
  7 bats
  7 frilled lizards
  A quokka zombie (D:5)
  7 rats
  A fungus (D:1)
90 creatures vanquished.

Notes
Turn   | Place    | Note
-------+----------+-------------------------------------------
     0 | D:1      | JiminyMac the Minotaur Berserker began the quest for the Orb.
     0 | D:1      | Reached XP level 1. HP: 19/19 MP: 0/0
   265 | D:1      | Reached skill level 4 in Axes
   272 | D:1      | Reached XP level 2. HP: 27/27 MP: 1/1
   761 | D:2      | Found an iron altar of Okawaru.
   819 | D:2      | Upgraded the game from 0.20-a0-1074-g6a0a8e1 to 0.20-a0-1075-gc475d56
   825 | D:2      | Reached XP level 3. HP: 25/33 MP: 2/2
   867 | D:2      | Found a burning altar of Makhleb.
  1010 | D:2      | Reached XP level 4. HP: 23/40 MP: 3/3
  1093 | D:2      | Found a blossoming altar of Fedhas.
  1197 | D:2      | Found an ancient bone altar of Kikubaaqudgha.
  1261 | D:2      | Reached ** piety under Trog
  1261 | D:2      | Reached skill level 5 in Axes
  1297 | D:3      | Found a faded altar of an unknown god.
  1593 | D:3      | Found a shimmering altar of Xom.
  1784 | D:3      | Reached XP level 5. HP: 47/47 MP: 4/4
  1855 | D:4      | Reached skill level 1 in Shields
  2011 | D:4      | Noticed an ice beast
  2024 | D:4      | Killed an ice beast
  2024 | D:4      | Reached skill level 6 in Axes
  2024 | D:4      | Reached XP level 6. HP: 28/55 MP: 5/5
  2100 | D:4      | Found a sparkling altar of Nemelex Xobeh.
  2113 | D:4      | Reached skill level 5 in Fighting
  2333 | D:4      | Found a runed door.
  2338 | D:4      | Noticed Crazy Yiuf
  2341 | D:4      | Killed Crazy Yiuf
  2341 | D:4      | Reached skill level 5 in Armour
  2341 | D:4      | Reached XP level 7. HP: 61/61 MP: 6/6
  2590 | D:5      | Entered Level 5 of the Dungeon
  2612 | D:5      | Reached skill level 7 in Axes
  2768 | D:5      | Reached *** piety under Trog
  2846 | D:5      | Found a hazy altar of Hepliaklqana.
  3092 | D:5      | Noticed a steam dragon
  3092 | D:5      | Noticed a steam dragon
  3104 | D:5      | HP: 4/93 [steam dragon] (5)]
  3107 | D:5      | Killed a steam dragon
  3107 | D:5      | Reached skill level 8 in Axes
  3108 | D:5      | Slain by a steam dragon

Vault maps used:
D:1:      minmay_arrival_wavy_path, minmay_gold_behind_fungi
D:2:      makhleb_heckhound_becter, nicolae_overflow_crystal_walls,
          kiku_gazebo_garden_becter, fedhas_altar_2
D:3:      nicolae_overflow_hidden_temple,
          chequers_ecumenical_altar_simple_redux, first_bread,
          kennysheep_generic_room_15
D:4:      kennysheep_mini, uniq_crazy_yiuf_cottage
D:5:      kennysheep_steamy, kennysheep_mini_moat

Skill      XL: |  1  2  3  4  5  6  7 |
---------------+----------------------+-----
Axes           | 4 5 6 8 |  8.1
Armour         | 3 4 5 |  5.8
Fighting       | 4 5 |  5.9
Shields        | 2 3 |  3.7
Dodging        | |  2.1

Action                   |  1- 3 |  4- 6 |  7- 9 || total
-------------------------+-------+-------+-------++-------
Melee: Hand axe          |    82 |    97 |       ||   179
       Headbutt          |     8 |    18 |    12 ||    38
       War axe           |       |    12 |    54 ||    66
Invok: Berserk           |       |     5 |     1 ||     6
  Eat: Chunk             |       |     9 |       ||     9
       Bread ration      |       |       |     1 ||     1
Armor: Animal skin       |     1 |       |       ||     1
       Ring mail         |    22 |    46 |    14 ||    82
Dodge: Dodged            |    37 |    56 |    28 ||   121
Block: Buckler           |       |     3 |     4 ||     7
